 Dungeon Crawl Stone Soup version 0.29.1-2-gbd0b4ee654 (webtiles) character file.

Game seed: 17324691380513635379

935 Earthwalker the Trooper (level 7, -4/63 HPs)
             Began as a Minotaur Fighter on Oct 23, 2022.
             Slain by an orc
             ... wielding a +0 trident
              (6 damage)
             ... on level 4 of the Dungeon.
             The game lasted 00:07:29 (3478 turns).

Earthwalker the Trooper (Minotaur Fighter)          Turns: 3478, Time: 00:07:30

Health: -4/63      AC:  7    Str: 23    XL:     7   Next: 87%
Magic:  6/6        EV: 10    Int:  5    God:
Gold:   174        SH:  5    Dex:  9    Spells: 6/6 levels left

rFire   . . .      SeeInvis .   a - +0 war axe
rCold   . . .      Faith    .   c - +0 buckler
rNeg    . . .      Spirit   .   b - +0 scale mail
rPois   +          Reflect  .   (helmet restricted)
rElec   .          Harm     .   (no cloak)
rCorr   .          Rampage  .   (no gloves)
Will    .....                   (no boots)
Stlth   ..........              (no amulet)
HPRegen 0.20/turn               e - +4 ring of slaying
MPRegen 0.10/turn               w - ring of poison resistance

@: no status effects
A: horns 2, retaliatory headbutt
a: no special abilities


You were on level 4 of the Dungeon.
You visited 1 branch of the dungeon, and saw 5 of its levels.
You also visited: Ossuary.

You collected 174 gold pieces.

Inventory:

Hand Weapons
 a - a +0 war axe (weapon)
Armour
 b - a +0 scale mail (worn)
 c - a +0 buckler (worn)
Jewellery
 e - a +4 ring of slaying (left hand)
 f - a ring of protection from cold
 w - a ring of poison resistance (right hand)
 y - a ring of wizardry
Wands
 B - a wand of acid (6)
Scrolls
 g - a scroll of amnesia {unknown}
 i - 10 scrolls of identify {unknown}
 l - 2 scrolls of butterflies {unknown}
 n - 2 scrolls of enchant armour {unknown}
 p - a scroll of blinking {unknown}
 q - 2 scrolls of poison {unknown}
 r - a scroll of enchant weapon {unknown}
 s - a scroll of vulnerability {unknown}
 u - 4 scrolls of teleportation {unknown}
 z - a scroll of brand weapon {unknown}
 C - a scroll of acquirement {unknown}
Potions
 d - a potion of might
 h - a potion of flight {unknown}
 j - a potion of berserk rage {unknown}
 k - 4 potions of mutation {unknown}
 m - 5 potions of lignification {unknown}
 o - 4 potions of invisibility {unknown}
 t - 3 potions of cancellation {unknown}
 v - 2 potions of curing {unknown}
 x - 2 potions of degeneration {unknown}
 A - 6 potions of brilliance {unknown}
 D - a potion of heal wounds {unknown}


   Skills:
 * Level 6.2 Fighting
 * Level 5.2 Axes
 + Level 2.3 Throwing
 * Level 6.0 Armour
 + Level 2.6 Dodging
 * Level 6.1 Shields


You had 6 spell levels left.
You didn't know any spells.
Your spell library contained the following spells:

 Spells                   Type           Power      Damage    Failure   Level
 Freeze                   Ice            0%         1d3       85%         1
 Frozen Ramparts          Ice            0%         1d1       99%         3
 Hailstorm                Conj/Ice       0%         3d3       100%        4
 Chain Lightning          Conj/Air       0%         N/A       100%        9
 Fire Storm               Conj/Fire      0%         5d1       100%        9
 Shatter                  Erth           0%         3d5*      100%        9


Dungeon Overview and Level Annotations

Branches:
Dungeon (5/15)            Ossuary (visited)
 Temple: D:4-7

Altars:
Qazlal
Vehumet

Annotations:
D:4 Eustachio


Innate Abilities, Weirdness & Mutations

You have a pair of horns on your head.
You reflexively headbutt those who attack you in melee.


Message History

The quokka bites you but does no damage.
You hit the quokka.
You kill the quokka!
An orc is nearby!
You are too injured to fight recklessly!
You are too injured to fight recklessly!
You are too injured to fight recklessly!
You are too injured to fight recklessly!
You are too injured to fight recklessly!
You slash the orc!
You kill the orc!
You start resting.
An orc priest is nearby!
The orc priest calls down the wrath of Beogh upon you.
You struggle to resist.
An orc comes into view. It is wielding a +0 trident.
The orc priest mumbles some strange prayers to Beogh against you.
Beogh smites you!
The orc shouts!
Things that are here:
a +0 short sword; a +0 whip; an orc corpse You hear an angry hiss.
The orc priest calls down the wrath of Beogh upon you.
Beogh smites you!
* * * LOW HITPOINT WARNING * * *
You closely miss the orc priest.
The orc priest calls down the wrath of Beogh upon you.
Pain shoots through your body!
* * * LOW HITPOINT WARNING * * *
You slash the orc priest!
The orc priest is severely wounded.
The orc priest hits you but does no damage.
You slash the orc priest!
You kill the orc priest!
The orc hits you from afar with a +0 trident.
* * * LOW HITPOINT WARNING * * *
Your Armour skill increases to level 6!
A hound comes into view.
The orc hits you with a +0 trident.
You die...

#.........#
#########.........#
...........#####..#
...........#####..###
................)...#
...............^..).#
#####...#......†>..#
#...#......)...#
#...#....o@....#
###...#..........#
#....h...........#
#......###########
#......# #......#
#......# #.....o#
#.....)#


You could see a hound (wandering) and an orc.

Vanquished Creatures
  An ogre (D:4)
  2 elf zombies (Ossuary)
  A scorpion (D:5)
  5 centaur zombies (Ossuary)
  5 human zombies (Ossuary)
  2 orc priests
  2 iguanas
  An orc wizard (D:3)
  3 mummies (Ossuary)
  4 gnolls (D:5)
  3 adders
  A white imp (D:5)
  3 dart slugs (D:1)
  7 orcs
  3 bats
  7 endoplasms
  3 giant cockroaches
  7 goblins
  12 hobgoblins
  3 jackals (D:1)
  10 kobolds
  4 quokkas
  4 ball pythons
  5 frilled lizards
  7 rats
105 creatures vanquished.

Vanquished Creatures (others)
  2 fungi (D:1)
  A plant (D:1)
3 creatures vanquished.

Grand Total: 108 creatures vanquished

Notes
Turn   | Place    | Note
-------+----------+-------------------------------------------
     0 | D:1      | Earthwalker the Minotaur Fighter began the quest for the
                  | Orb.
     0 | D:1      | Reached XP level 1. HP: 19/19 MP: 0/0
    41 | D:1      | Reached XP level 2. HP: 27/27 MP: 1/1
   206 | D:1      | Reached XP level 3. HP: 33/33 MP: 2/2
   340 | D:1      | You fall into a shaft and drop 1 floor!
   750 | D:1      | Found a faded altar of an unknown god.
  1246 | D:2      | Reached skill level 1 in Dodging
  1330 | D:2      | Reached XP level 4. HP: 38/40 MP: 3/3
  1779 | D:3      | Found a stormy altar of Qazlal.
  1993 | D:3      | Found a radiant altar of Vehumet.
  2049 | D:3      | Reached XP level 5. HP: 30/47 MP: 4/4
  2392 | D:4      | Reached skill level 1 in Throwing
  2409 | D:4      | Noticed Eustachio
  2637 | D:4      | Noticed an ogre
  2643 | D:4      | Killed an ogre
  2644 | D:4      | Reached skill level 5 in Fighting
  2644 | D:4      | Reached skill level 5 in Shields
  2644 | D:4      | Reached XP level 6. HP: 56/56 MP: 5/5
  2685 | D:5      | Entered Level 5 of the Dungeon
  2804 | D:5      | Reached skill level 5 in Armour
  2826 | D:5      | Found a sand-covered staircase.
  2885 | Ossuary  | Entered an ossuary
  3005 | Ossuary  | Reached XP level 7. HP: 52/61 MP: 6/6
  3182 | Ossuary  | Reached skill level 5 in Axes
  3476 | D:4      | HP: 2/63 [orc/+0 trident (5)]
  3478 | D:4      | Slain by an orc

Illustrated notes

Levels and vault maps discovered:
D:1:      lightli_arrival_lavapool, layout_loops_ring,
          shapermc_ecumenical_altar_gd, minmay_close_crescents
D:2:      layout_basic
D:3:      layout_loops_cross, nicolae_qazlal_general_emergency,
          vehumet_crystals, chequers_serial_rivers_micro_e, chequers_garden
D:4:      minmay_razor_zed, layout_basic, kennysheep_generic_room_2,
          uniq_eustachio
D:5:      minmay_goblin_kobold_castle, layout_rooms, enter_ossuary_2

Skill      XL: |  1  2  3  4  5  6  7 |
---------------+----------------------+-----
Shields        | 4 5 6 |  6.1
Fighting       | 4 5 6 |  6.2
Armour         | 4 5 6 |  6.0
Dodging        | 1 2 |  2.6
Axes           | 3 4 5 |  5.2
Throwing       | 1 2 |  2.3

Action                   |  1- 3 |  4- 6 |  7- 9 || total
-------------------------+-------+-------+-------++-------
Melee: War axe           |    69 |    70 |    46 ||   185
       Headbutt          |     8 |    16 |    10 ||    34
Armor: Scale mail        |    22 |    38 |    33 ||    93
Dodge: Dodged            |    24 |    33 |    25 ||    82
Block: Buckler           |    10 |    15 |    11 ||    36
